Monarchs vs Influenza
Created - January 22, 2020 at 19:21
Goals
|
| Monarchs |
2 |
1 |
3 |
6 |
| Influenza |
2 |
3 |
2 |
7 |
|
Shots
|
| Monarchs |
12 |
8 |
14 |
34 |
| Influenza |
9 |
8 |
15 |
32 |
|
1st period
1. Influenza , Lucas Lessio 10 (Iiro Pakarinen 28, Roland McKeown 5) at 8:42
2. Influenza , Jimmy Vesey 13 (Justin Bailey 10, Luca Sbisa 12) at 17:38 (PP)
3. Monarchs , Darroll Powe 1 (Max Domi 30, Tom Wilson 15) at 19:27
4. Monarchs , Andreas Martinsen 31 (Griffin Reinhart 17, Luke Witkowski 24) at 19:43
Penalties :
Tom Wilson (MAN) for Tripping (Minor) at 9:55, Keith Yandle (MAN) for Tripping (Minor) at 17:01
2nd period
5. Monarchs , Brett Connolly 3 (Morgan Rielly 13, Zach Trotman 7) at 0:58
6. Influenza , Iiro Pakarinen 13 (Jacob Josefson 7, Lucas Lessio 8) at 8:57
7. Influenza , Jake Guentzel 9 (Justin Bailey 11, Andre Burakovsky 31) at 11:11
8. Influenza , Kasperi Kapanen 5 (Zac Dalpe 13, Luca Sbisa 13) at 12:36
Penalties :
Max Domi (MAN) for Hooking (Minor) at 4:37
3rd period
9. Influenza , Iiro Pakarinen 14 (Bo Horvat 24, Paul Ladue 11) at 2:18 (SH)
10. Influenza , Luca Sbisa 5 (Andre Burakovsky 32) at 11:58 (PP)
11. Monarchs , Brayden Point 8 (Luke Witkowski 25, Andreas Martinsen 23) at 13:30
12. Monarchs , Joel Vermin 1 (Jeff Petry 6) at 18:32
13. Monarchs , Luke Witkowski 15 (Andreas Martinsen 24, Brayden Point 16) at 19:44
Penalties :
Jeff Corbett (VJB) for High sticking (Minor) at 2:02, Luca Sbisa (VJB) for Hooking (Minor) at 6:02, Zach Trotman (MAN) for Tripping (Minor) at 10:34
Goalie Stats
Jason Missiaen (MAN), 14 saves from 16 shots - (0.875), L, 7-4-0, 27:14 minutes
Alex Nedeljkovic (MAN), 11 saves from 16 shots - (0.688), 32:36 minutes
Malcolm Subban (VJB), 28 saves from 34 shots - (0.824), W, 14-15-1, 60:00 minutes
Players Stats for Monarchs
Player Name G A P +/- PIM S H SB GA TA FO MP PP MP PK MP
------------------------------------------------------------------------------------
Aaron Ekblad 0 0 0 -2 0 1 1 3 0 2 0/0 21:04 2:22 2:35
Andreas Martinsen 1 2 3 3 0 1 4 1 2 0 0/1 16:47 1:38 1:16
Brayden Point 1 1 2 2 0 2 1 1 0 1 10/21 16:11 2:20 0:00
Brett Connolly 1 0 1 -2 0 3 0 0 0 0 0/0 8:08 1:38 0:00
Darroll Powe 1 0 1 1 0 5 2 1 1 0 14/24 18:49 0:00 3:22
Elias Lindholm 0 0 0 -2 0 0 3 0 0 0 3/5 8:08 1:38 0:00
Griffin Reinhart 0 1 1 -1 0 1 1 1 1 0 0/0 18:59 2:22 0:46
Jacob De La Rose 0 0 0 -2 0 0 0 0 0 0 0/0 7:51 0:00 1:21
Jeff Petry 0 1 1 0 0 1 0 0 0 1 0/0 18:07 0:00 2:35
Joel Vermin 1 0 1 0 0 1 2 2 0 0 0/1 13:54 0:00 0:00
John Draeger 0 0 0 0 0 0 0 2 0 0 0/0 7:23 0:00 3:24
Keith Yandle 0 0 0 -1 2 0 2 1 1 0 0/0 14:56 0:00 0:00
Luke Witkowski 1 2 3 3 0 3 3 2 2 2 0/1 18:30 1:36 3:22
Max Domi 0 1 1 0 2 2 0 0 1 0 0/0 18:23 2:20 0:00
Morgan Rielly 0 1 1 3 0 0 0 2 0 1 0/0 16:34 1:36 0:00
Nicolas Deslauriers 0 0 0 0 0 8 0 1 1 1 0/0 16:39 0:00 2:27
Oscar Sundqvist 0 0 0 0 0 1 0 2 1 0 4/9 14:07 0:00 0:10
Scott Mayfield 0 0 0 0 0 1 0 0 0 0 0/0 3:56 0:00 0:00
Tom Wilson 0 1 1 0 2 2 2 0 0 0 0/0 18:08 2:20 0:00
Zach Trotman 0 1 1 3 2 2 0 0 1 0 0/0 17:23 0:00 2:38
Players Stats for Influenza
Player Name G A P +/- PIM S H SB GA TA FO MP PP MP PK MP
------------------------------------------------------------------------------------
Andre Burakovsky 0 2 2 -2 0 5 2 2 1 2 0/2 23:07 3:48 1:01
Bo Horvat 0 1 1 -2 0 0 4 1 0 0 11/16 18:14 2:05 2:21
Brandon Montour 0 0 0 0 0 1 4 3 0 2 0/0 24:16 1:39 1:39
Dmitry Sinitsyn 0 0 0 -1 0 1 1 1 1 1 0/0 20:40 1:36 2:22
Iiro Pakarinen 2 1 3 3 0 3 1 1 1 0 1/3 13:04 3:48 2:20
Jacob Josefson 0 1 1 2 0 1 1 0 0 1 1/3 7:35 0:06 0:43
Jake Guentzel 1 0 1 -2 0 5 3 0 1 0 17/32 22:44 3:48 0:38
Jeff Corbett 0 0 0 1 2 2 0 2 0 1 0/0 13:29 0:26 0:25
Jimmy Vesey 1 0 1 -3 0 4 1 1 0 0 0/0 15:40 2:05 0:00
Justin Bailey 0 2 2 -2 0 0 1 0 1 1 0/1 20:15 2:05 0:00
Kasperi Kapanen 1 0 1 1 0 3 0 0 0 0 0/0 11:11 0:00 0:00
Luca Sbisa 1 2 3 -2 2 1 1 0 1 0 0/0 21:29 3:57 1:11
Lucas Lessio 1 1 2 2 0 1 0 0 0 0 0/0 7:45 0:06 0:53
Nick Ritchie 0 0 0 1 0 0 0 0 0 0 0/0 11:18 0:00 0:00
Paul Ladue 0 1 1 -1 0 1 2 4 2 0 0/0 27:56 4:20 2:19
Roland McKeown 0 1 1 1 0 0 0 0 0 1 0/0 12:14 0:00 0:00
William Nylander 0 0 0 -3 0 2 0 0 0 1 0/0 13:52 0:06 0:00
Zac Dalpe 0 1 1 1 0 2 1 0 0 1 1/5 11:11 0:00 0:00
3 Stars
1 - Iiro Pakarinen (VJB)
2 - Andreas Martinsen (MAN)
3 - Luke Witkowski (MAN)
Power Play
Monarchs - 0 on 2 Attempt(s) - 0.00%
Influenza - 2 on 4 Attempt(s) - 50.00%
Penalty Kill
Monarchs - 2 on 4 Attempt(s) - 50.00%
- Score 0 goal in Penalty Kill
Influenza - 2 on 2 Attempt(s) - 100.00%
- Score 1 goal in Penalty Kill
Team Stat
Monarchs - Hits : 21 - Faceoff Wins : 31 - Blocked Shots : 19 - Penalty Minutes : 8
Influenza - Hits : 22 - Faceoff Wins : 31 - Blocked Shots : 15 - Penalty Minutes : 4
Official
Referees : Unknown
Linesman : Unknown
Game Notes
Jason Missiaen enters game at 12:36 of 2nd period
Finance
Level 1 -- Attendance: 1245 (62.25%) -- Ticket Income $49,800
Level 2 -- Attendance: 698 (69.80%) -- Ticket Income $13,960
Total Attendance: 1943 (64.77%)
Total Ticket Income: $63,760
Other Income: $3,188
Total Income: $66,948
Monarchs
5 vs 5 Forward
Center Left Wing Right Wing Time % Phy DF OF
1 Darroll Powe Max Domi Tom Wilson 35 1 2 2
2 Brayden Point Andreas Martinsen Luke Witkowski 30 1 2 2
3 Oscar Sundqvist Nicolas Deslauriers Joel Vermin 25 1 2 2
4 Elias Lindholm Jacob De La Rose Brett Connolly 10 1 2 2
5 vs 5 Defense
Defense Defense Time % Phy DF OF
1 Keith Yandle Aaron Ekblad 30 1 3 1
2 Zach Trotman Morgan Rielly 30 0 2 3
3 Jeff Petry Griffin Reinhart 30 0 3 2
4 John Draeger Scott Mayfield 10 1 3 1
PowerPlay Forward
Center Left Wing Right Wing Time % Phy DF OF
1 Brayden Point Max Domi Tom Wilson 60 0 1 4
2 Elias Lindholm Andreas Martinsen Brett Connolly 40 0 1 4
PowerPlay Defense
Defense Defense Time % Phy DF OF
1 Aaron Ekblad Griffin Reinhart 60 0 3 2
2 Luke Witkowski Morgan Rielly 40 0 3 2
Penalty Kill 4 Players Forward
Center Wing Time % Phy DF OF
1 Darroll Powe Luke Witkowski 60 1 3 1
2 Jacob De La Rose Nicolas Deslauriers 40 1 3 1
Penalty Kill 4 Players Defense
Defense Defense Time % Phy DF OF
1 John Draeger Zach Trotman 60 1 4 0
2 Jeff Petry Aaron Ekblad 40 1 4 0
Penalty Kill - 3 Players Forward
Forward Time % Phy DF OF
1 Darroll Powe 60 1 3 1
2 Andreas Martinsen 40 1 3 1
Penalty Kill - 3 Players Defense
Defense Defense Time % Phy DF OF
1 John Draeger Zach Trotman 60 1 4 0
2 Aaron Ekblad Jeff Petry 40 1 4 0
4 vs 4 Forward
Center Wing Time % Phy DF OF
1 Max Domi Tom Wilson 60 1 2 2
2 Darroll Powe Andreas Martinsen 40 1 2 2
4 vs 4 Defense
Defense Defense Time % Phy DF OF
1 Aaron Ekblad Keith Yandle 60 1 2 2
2 Zach Trotman Griffin Reinhart 40 1 2 2
Last Minutes Offensive
Center Left Wing Right Wing Defense Defense
Brayden Point Max Domi Tom Wilson Aaron Ekblad Morgan Rielly
Last Minutes Defensive
Center Left Wing Right Wing Defense Defense
Darroll Powe Nicolas Deslauriers Luke Witkowski John Draeger Zach Trotman
Goaltenders
Starting : Alex Nedeljkovic
Backup : Jason Missiaen
Extra Forwards
Normal : Max Domi, Tom Wilson, Brayden Point - PP : Darroll Powe, Oscar Sundqvist - PK : Andreas Martinsen
Extra Defensemen
Normal : Aaron Ekblad, Zach Trotman, Morgan Rielly - PP : Zach Trotman - PK : Griffin Reinhart, Scott Mayfield
Penalty Shots
Elias Lindholm, Darroll Powe, Oscar Sundqvist, Andreas Martinsen, Brayden Point
Scratches
Cedric Paquette (Healthy), Colton Sissons (Healthy), Mike Hoffman (Healthy), Anthony Mantha (Lacerated Left Calf Injury), Anthony Peluso (Healthy)
Gustav Forsling (Healthy), Chase De Leo (Healthy)
Influenza
5 vs 5 Forward
Center Left Wing Right Wing Time % Phy DF OF
1 Jake Guentzel Andre Burakovsky Justin Bailey 40 1 2 2
2 Bo Horvat Jimmy Vesey William Nylander 30 1 2 2
3 Zac Dalpe Nick Ritchie Kasperi Kapanen 20 1 2 2
4 Jacob Josefson Lucas Lessio Iiro Pakarinen 10 1 2 2
5 vs 5 Defense
Defense Defense Time % Phy DF OF
1 Paul Ladue Brandon Montour 40 1 2 2
2 Dmitry Sinitsyn Luca Sbisa 30 1 2 2
3 Roland McKeown Jeff Corbett 20 1 2 2
4 Paul Ladue Brandon Montour 10 1 2 2
PowerPlay Forward
Center Left Wing Right Wing Time % Phy DF OF
1 Jake Guentzel Andre Burakovsky Iiro Pakarinen 60 1 2 2
2 Bo Horvat Jimmy Vesey Justin Bailey 40 1 2 2
PowerPlay Defense
Defense Defense Time % Phy DF OF
1 Luca Sbisa Paul Ladue 60 1 2 2
2 Brandon Montour Dmitry Sinitsyn 40 1 2 2
Penalty Kill 4 Players Forward
Center Wing Time % Phy DF OF
1 Bo Horvat Iiro Pakarinen 60 1 2 2
2 Jake Guentzel Andre Burakovsky 40 1 2 2
Penalty Kill 4 Players Defense
Defense Defense Time % Phy DF OF
1 Luca Sbisa Paul Ladue 60 1 2 2
2 Dmitry Sinitsyn Brandon Montour 40 1 2 2
Penalty Kill - 3 Players Forward
Forward Time % Phy DF OF
1 Jake Guentzel 60 1 2 2
2 Bo Horvat 40 1 2 2
Penalty Kill - 3 Players Defense
Defense Defense Time % Phy DF OF
1 Luca Sbisa Paul Ladue 60 1 2 2
2 Brandon Montour Dmitry Sinitsyn 40 1 2 2
4 vs 4 Forward
Center Wing Time % Phy DF OF
1 Jake Guentzel Iiro Pakarinen 60 1 2 2
2 Bo Horvat Andre Burakovsky 40 1 2 2
4 vs 4 Defense
Defense Defense Time % Phy DF OF
1 Paul Ladue Luca Sbisa 60 1 2 2
2 Dmitry Sinitsyn Brandon Montour 40 1 2 2
Last Minutes Offensive
Center Left Wing Right Wing Defense Defense
Jake Guentzel Andre Burakovsky Iiro Pakarinen Paul Ladue Luca Sbisa
Last Minutes Defensive
Center Left Wing Right Wing Defense Defense
Jake Guentzel Andre Burakovsky Iiro Pakarinen Paul Ladue Brandon Montour
Goaltenders
Starting : Malcolm Subban
Backup : Tyson Sexsmith
Extra Forwards
Normal : Bo Horvat, Nick Ritchie, Andre Burakovsky - PP : Bo Horvat, Justin Bailey - PK : Andre Burakovsky
Extra Defensemen
Normal : Brandon Montour, Luca Sbisa, Dmitry Sinitsyn - PP : Luca Sbisa - PK : Luca Sbisa, Dmitry Sinitsyn
Penalty Shots
Andre Burakovsky, Jake Guentzel, Jimmy Vesey, Iiro Pakarinen, Bo Horvat
Scratches
Jordan Schroeder (Healthy), Shane Prince (Healthy), Henri Ikonen (Healthy), Johan Larsson (Healthy), Tim Erixon (Torn Left ACL Injury)
Tom Kuhnhackl (Healthy), Mitchell Moroz (Healthy), Josh Andrerson (Healthy), Jesse Graham (Healthy), Jake Walman (Healthy)
Conner Bleackley (Healthy), Brycen Martin (Healthy), Jaden Lindo (Healthy), Jamie Phillips (Healthy)
% Time on Ice - Monarchs
Lines # - Real PCT - Wanted PCT - Time Play
Normal Forward
1 - 32% - 35% - 15:52
2 - 27% - 30% - 13:32
3 - 28% - 25% - 13:54
4 - 13% - 10% - 6:30
Normal Defense
1 - 31% - 30% - 15:37
2 - 30% - 30% - 15:01
3 - 31% - 30% - 15:14
4 - 8% - 10% - 3:56
PP Forward
1 - 59% - 60% - 2:20
2 - 41% - 40% - 1:38
PP Defense
1 - 60% - 60% - 2:22
2 - 40% - 40% - 1:36
PK Forward
1 - 77% - 60% - 4:38
2 - 23% - 40% - 1:21
PK Defense
1 - 57% - 60% - 3:24
2 - 43% - 40% - 2:35
PK3 Forward
1 - 0% - 60%
2 - 0% - 40%
PK3 Defense
1 - 0% - 60%
2 - 0% - 40%
44 Forward
1 - 0% - 60%
2 - 0% - 40%
44 Defense
1 - 0% - 60%
2 - 0% - 40%
Last Minute Offensive - 0:15
Last Minute Defensive - 0:00
Total
Forward - 60:00
Defense - 60:00
|
% Time on Ice - Influenza
Lines # - Real PCT - Wanted PCT - Time Play
Normal Forward
1 - 37% - 40% - 18:29
2 - 27% - 30% - 13:35
3 - 22% - 20% - 11:11
4 - 13% - 10% - 6:33
Normal Defense
1 - 39% - 40% - 19:23
2 - 33% - 30% - 16:32
3 - 25% - 20% - 12:14
4 - 3% - 10% - 1:39
PP Forward
1 - 65% - 60% - 3:54
2 - 35% - 40% - 2:05
PP Defense
1 - 72% - 60% - 4:20
2 - 28% - 40% - 1:39
PK Forward
1 - 84% - 60% - 3:20
2 - 16% - 40% - 0:38
PK Defense
1 - 58% - 60% - 2:19
2 - 42% - 40% - 1:39
PK3 Forward
1 - 0% - 60%
2 - 0% - 40%
PK3 Defense
1 - 0% - 60%
2 - 0% - 40%
44 Forward
1 - 0% - 60%
2 - 0% - 40%
44 Defense
1 - 0% - 60%
2 - 0% - 40%
Last Minute Offensive - 0:00
Last Minute Defensive - 0:15
Total
Forward - 60:00
Defense - 60:00
|
Play-by-Play
1st period
0:01 of 1st period - Darroll Powe wins face-off versus Jake Guentzel in neutral zone.
0:06 of 1st period - Snap shot by Max Domi.
0:06 of 1st period - Shot Blocked by Brandon Montour.
0:40 of 1st period - Snap shot by Andreas Martinsen.
0:40 of 1st period - Shot Blocked by Brandon Montour.
0:42 of 1st period - Slapshot by Zach Trotman.
0:42 of 1st period - Stopped by Malcolm Subban with a rebound.
0:52 of 1st period - Oscar Sundqvist is hit by Zac Dalpe and loses puck.
1:08 of 1st period - Icing by Brandon Montour.
1:09 of 1st period - Elias Lindholm wins face-off versus Zac Dalpe in Influenza zone.
1:10 of 1st period - Wrist shot by Brett Connolly.
1:10 of 1st period - Stopped by Malcolm Subban with a rebound.
2:07 of 1st period - Wrist shot by Zac Dalpe.
2:07 of 1st period - Shot Misses the Net.
2:09 of 1st period - Wrist shot by Zac Dalpe.
2:09 of 1st period - Shot Blocked by Griffin Reinhart.
2:21 of 1st period - Snap shot by Kasperi Kapanen.
2:21 of 1st period - Stopped by Alex Nedeljkovic with a rebound.
2:37 of 1st period - Kasperi Kapanen is hit by Griffin Reinhart and loses puck.
2:48 of 1st period - Slapshot by Zac Dalpe.
2:48 of 1st period - Stopped by Alex Nedeljkovic with a rebound.
2:52 of 1st period - Wrist shot by Kasperi Kapanen.
2:52 of 1st period - Stopped by Alex Nedeljkovic with a rebound.
2:58 of 1st period - Snap shot by Nick Ritchie.
2:58 of 1st period - Deflect By Darroll Powe.
2:58 of 1st period - Shot Misses the Net.
2:58 of 1st period - Puck is out of play.
2:59 of 1st period - Jake Guentzel wins face-off versus Brayden Point in Monarchs zone.
3:02 of 1st period - Slapshot by Jake Guentzel.
3:02 of 1st period - Shot Blocked by Aaron Ekblad.
3:14 of 1st period - Snap shot by Andre Burakovsky.
3:14 of 1st period - Shot Misses the Net.
3:34 of 1st period - Snap shot by Oscar Sundqvist.
3:34 of 1st period - Stopped by Malcolm Subban without a rebound.
3:35 of 1st period - Bo Horvat wins face-off versus Oscar Sundqvist in Influenza zone.
3:40 of 1st period - Jimmy Vesey is hit by Joel Vermin and loses puck.
3:51 of 1st period - Wrist shot by Nicolas Deslauriers.
3:51 of 1st period - Stopped by Malcolm Subban without a rebound.
3:52 of 1st period - Jake Guentzel wins face-off versus Brayden Point in Influenza zone.
4:08 of 1st period - Dmitry Sinitsyn is hit by Luke Witkowski and loses puck.
5:21 of 1st period - Roland McKeown is hit by Luke Witkowski.
5:25 of 1st period - Iiro Pakarinen is hit by Luke Witkowski.
5:37 of 1st period - Snap shot by Nicolas Deslauriers.
5:37 of 1st period - Shot Misses the Net.
6:04 of 1st period - Kasperi Kapanen is hit by Keith Yandle and loses puck.
7:36 of 1st period - Snap shot by Darroll Powe.
7:36 of 1st period - Shot Misses the Net.
7:38 of 1st period - Snap shot by Tom Wilson.
7:38 of 1st period - Deflect By Max Domi.
7:38 of 1st period - Stopped by Malcolm Subban with a rebound.
8:20 of 1st period - Slapshot by Oscar Sundqvist.
8:20 of 1st period - Shot Blocked by Jeff Corbett.
8:34 of 1st period - Snap shot by Justin Bailey.
8:34 of 1st period - Shot Blocked by Morgan Rielly.
8:38 of 1st period - Wrist shot by Iiro Pakarinen.
8:38 of 1st period - Shot Misses the Net.
8:40 of 1st period - Slapshot by Roland McKeown.
8:40 of 1st period - Shot Blocked by Morgan Rielly.
8:42 of 1st period - Snap shot by Iiro Pakarinen.
8:42 of 1st period - Deflect By Lucas Lessio.
8:42 of 1st period - Goal by Lucas Lessio - Monarchs : 0 - Influenza : 1.
8:43 of 1st period - Jake Guentzel wins face-off versus Brayden Point in neutral zone.
8:51 of 1st period - Off-side.
8:52 of 1st period - Jake Guentzel wins face-off versus Andreas Martinsen in neutral zone.
8:55 of 1st period - Snap shot by Jake Guentzel.
8:55 of 1st period - Shot Blocked by Andreas Martinsen.
9:31 of 1st period - Wrist shot by Andre Burakovsky.
9:31 of 1st period - Stopped by Alex Nedeljkovic without a rebound.
9:32 of 1st period - Bo Horvat wins face-off versus Darroll Powe in Monarchs zone.
9:55 of 1st period - Minor Penalty to Tom Wilson for Tripping.
9:56 of 1st period - Darroll Powe wins face-off versus Iiro Pakarinen in Monarchs zone.
11:48 of 1st period - Bo Horvat is hit by Andreas Martinsen and loses puck.
11:55 of 1st period - Penalty to Tom Wilson is over, Tom Wilson is back on ice.
12:22 of 1st period - Wrist shot by Iiro Pakarinen.
12:22 of 1st period - Shot Misses the Net.
14:03 of 1st period - Zac Dalpe is hit by Andreas Martinsen.
14:37 of 1st period - Joel Vermin is hit by Jacob Josefson and loses puck.
15:11 of 1st period - Snap shot by Nicolas Deslauriers.
15:11 of 1st period - Shot Misses the Net.
15:13 of 1st period - Snap shot by Nicolas Deslauriers.
15:13 of 1st period - Stopped by Malcolm Subban with a rebound.
15:15 of 1st period - Wrist shot by Nicolas Deslauriers.
15:15 of 1st period - Shot Misses the Net.
15:17 of 1st period - Snap shot by Nicolas Deslauriers.
15:17 of 1st period - Shot Hit the Post.
15:31 of 1st period - Jake Guentzel is hit by Joel Vermin and loses puck.
16:00 of 1st period - Wrist shot by Nicolas Deslauriers.
16:00 of 1st period - Shot Blocked by Bo Horvat.
16:05 of 1st period - Off-side.
16:06 of 1st period - Jacob Josefson wins face-off versus Darroll Powe in neutral zone.
16:09 of 1st period - Slapshot by Jacob Josefson.
16:09 of 1st period - Stopped by Alex Nedeljkovic without a rebound.
16:10 of 1st period - Darroll Powe wins face-off versus Jacob Josefson in Monarchs zone.
16:23 of 1st period - Jeff Petry is hit by Iiro Pakarinen and loses puck.
16:36 of 1st period - Snap shot by Darroll Powe.
16:36 of 1st period - Deflect By Luke Witkowski.
16:36 of 1st period - Shot Misses the Net.
16:36 of 1st period - Puck is out of play.
16:37 of 1st period - Brayden Point wins face-off versus Jake Guentzel in Influenza zone.
16:46 of 1st period - Wrist shot by Jake Guentzel.
16:46 of 1st period - Stopped by Alex Nedeljkovic without a rebound.
16:47 of 1st period - Jake Guentzel wins face-off versus Darroll Powe in Monarchs zone.
17:01 of 1st period - Minor Penalty to Keith Yandle for Tripping.
17:02 of 1st period - Darroll Powe wins face-off versus Andre Burakovsky in Monarchs zone.
17:06 of 1st period - Snap shot by Zach Trotman.
17:06 of 1st period - Stopped by Malcolm Subban with a rebound.
17:08 of 1st period - Wrist shot by Darroll Powe.
17:08 of 1st period - Stopped by Malcolm Subban without a rebound.
17:09 of 1st period - Jake Guentzel wins face-off versus Darroll Powe in Influenza zone.
17:24 of 1st period - Wrist shot by Luke Witkowski.
17:24 of 1st period - Shot Blocked by Iiro Pakarinen.
17:26 of 1st period - Snap shot by Zach Trotman.
17:26 of 1st period - Deflect By Luke Witkowski.
17:26 of 1st period - Shot Misses the Net.
17:26 of 1st period - Puck is out of play.
17:27 of 1st period - Darroll Powe wins face-off versus Bo Horvat in Influenza zone.
17:28 of 1st period - Backhand shot by Luke Witkowski.
17:28 of 1st period - Shot Misses the Net.
17:36 of 1st period - Slapshot by Justin Bailey.
17:36 of 1st period - Shot Misses the Net.
17:38 of 1st period - Wrist shot by Jimmy Vesey.
17:38 of 1st period - Goal by Jimmy Vesey - Monarchs : 0 - Influenza : 2.
17:39 of 1st period - Darroll Powe wins face-off versus Jake Guentzel in neutral zone.
17:50 of 1st period - Slapshot by Jake Guentzel.
17:50 of 1st period - Shot Misses the Net.
18:04 of 1st period - Zach Trotman is hit by Bo Horvat and loses puck.
18:38 of 1st period - Slapshot by Nicolas Deslauriers.
18:38 of 1st period - Stopped by Malcolm Subban without a rebound.
18:39 of 1st period - Darroll Powe wins face-off versus Justin Bailey in Influenza zone.
18:42 of 1st period - Snap shot by Darroll Powe.
18:42 of 1st period - Shot Blocked by Jeff Corbett.
18:47 of 1st period - Off-side.
18:48 of 1st period - Darroll Powe wins face-off versus Jake Guentzel in neutral zone.
18:48 of 1st period - Darroll Powe is hit by Andre Burakovsky.
18:52 of 1st period - Slapshot by Max Domi.
18:52 of 1st period - Shot Hit the Post.
18:58 of 1st period - Paul Ladue is hit by Darroll Powe and loses puck.
19:07 of 1st period - Snap shot by Jake Guentzel.
19:07 of 1st period - Stopped by Alex Nedeljkovic with a rebound.
19:09 of 1st period - Backhand shot by Paul Ladue.
19:09 of 1st period - Shot Blocked by Darroll Powe.
19:17 of 1st period - Slapshot by Tom Wilson.
19:17 of 1st period - Stopped by Malcolm Subban with a rebound.
19:25 of 1st period - Slapshot by Darroll Powe.
19:25 of 1st period - Shot Misses the Net.
19:27 of 1st period - Snap shot by Darroll Powe.
19:27 of 1st period - Goal by Darroll Powe - Monarchs : 1 - Influenza : 2.
19:28 of 1st period - Brayden Point wins face-off versus Bo Horvat in neutral zone.
19:33 of 1st period - Snap shot by Andreas Martinsen.
19:33 of 1st period - Shot Misses the Net.
19:35 of 1st period - Slapshot by Andreas Martinsen.
19:35 of 1st period - Shot Blocked by Paul Ladue.
19:37 of 1st period - Slapshot by Jeff Petry.
19:37 of 1st period - Shot Blocked by Jimmy Vesey.
19:39 of 1st period - Snap shot by Brayden Point.
19:39 of 1st period - Shot Blocked by Paul Ladue.
19:41 of 1st period - Snap shot by Luke Witkowski.
19:41 of 1st period - Shot Misses the Net.
19:43 of 1st period - Slapshot by Griffin Reinhart.
19:43 of 1st period - Deflect By Andreas Martinsen.
19:43 of 1st period - Goal by Andreas Martinsen - Monarchs : 2 - Influenza : 2.
19:44 of 1st period - Jake Guentzel wins face-off versus Brayden Point in neutral zone.
Goals for this period are 2 for Monarchs vs 2 for Influenza.
Shots for this period are 12 for Monarchs vs 9 for Influenza.
2nd period
0:01 of 2nd period - Darroll Powe wins face-off versus Jake Guentzel in neutral zone.
0:06 of 2nd period - Jake Guentzel is hit by Tom Wilson and loses puck.
0:26 of 2nd period - Aaron Ekblad is hit by Bo Horvat.
0:50 of 2nd period - Wrist shot by Zach Trotman.
0:50 of 2nd period - Deflect By Brett Connolly.
0:50 of 2nd period - Stopped by Malcolm Subban with a rebound.
0:58 of 2nd period - Snap shot by Brett Connolly.
0:58 of 2nd period - Goal by Brett Connolly - Monarchs : 3 - Influenza : 2.
0:59 of 2nd period - Darroll Powe wins face-off versus Jake Guentzel in neutral zone.
1:32 of 2nd period - Icing by Jeff Petry.
1:33 of 2nd period - Brayden Point wins face-off versus Jake Guentzel in Monarchs zone.
1:40 of 2nd period - Roland McKeown is hit by Andreas Martinsen and loses puck.
2:05 of 2nd period - Snap shot by Luke Witkowski.
2:05 of 2nd period - Shot Blocked by Andre Burakovsky.
2:41 of 2nd period - Slapshot by Luke Witkowski.
2:41 of 2nd period - Shot Misses the Net.
2:43 of 2nd period - Slapshot by Jeff Petry.
2:43 of 2nd period - Stopped by Malcolm Subban without a rebound.
2:44 of 2nd period - Bo Horvat wins face-off versus Darroll Powe in Influenza zone.
3:09 of 2nd period - Darroll Powe is hit by Brandon Montour and loses puck.
3:25 of 2nd period - Wrist shot by Darroll Powe.
3:25 of 2nd period - Stopped by Malcolm Subban without a rebound.
3:26 of 2nd period - Bo Horvat wins face-off versus Joel Vermin in Influenza zone.
3:35 of 2nd period - Wrist shot by Jimmy Vesey.
3:35 of 2nd period - Stopped by Alex Nedeljkovic with a rebound.
3:37 of 2nd period - Slapshot by Dmitry Sinitsyn.
3:37 of 2nd period - Shot Misses the Net.
3:41 of 2nd period - Wrist shot by Bo Horvat.
3:41 of 2nd period - Shot Misses the Net.
3:59 of 2nd period - Slapshot by Scott Mayfield.
3:59 of 2nd period - Stopped by Malcolm Subban with a rebound.
4:01 of 2nd period - Snap shot by Jacob De La Rose.
4:01 of 2nd period - Shot Misses the Net.
4:37 of 2nd period - Minor Penalty to Max Domi for Hooking.
4:38 of 2nd period - Darroll Powe wins face-off versus Jake Guentzel in Monarchs zone.
4:53 of 2nd period - Aaron Ekblad is hit by Paul Ladue and loses puck.
6:37 of 2nd period - Penalty to Max Domi is over, Max Domi is back on ice.
6:54 of 2nd period - Backhand shot by Nicolas Deslauriers.
6:54 of 2nd period - Stopped by Malcolm Subban without a rebound.
6:55 of 2nd period - Zac Dalpe wins face-off versus Elias Lindholm in Influenza zone.
6:55 of 2nd period - Zac Dalpe is hit by Elias Lindholm.
7:07 of 2nd period - Backhand shot by Zac Dalpe.
7:07 of 2nd period - Shot Misses the Net.
7:23 of 2nd period - Zach Trotman is hit by Brandon Montour.
7:59 of 2nd period - Tom Wilson is hit by Andre Burakovsky and loses puck.
8:10 of 2nd period - Slapshot by Darroll Powe.
8:10 of 2nd period - Shot Misses the Net.
8:57 of 2nd period - Wrist shot by Iiro Pakarinen.
8:57 of 2nd period - Goal by Iiro Pakarinen - Monarchs : 3 - Influenza : 3.
8:58 of 2nd period - Jake Guentzel wins face-off versus Oscar Sundqvist in neutral zone.
9:09 of 2nd period - Wrist shot by Jake Guentzel.
9:09 of 2nd period - Shot Blocked by Aaron Ekblad.
9:23 of 2nd period - Jimmy Vesey is hit by Keith Yandle.
9:30 of 2nd period - Wrist shot by William Nylander.
9:30 of 2nd period - Stopped by Alex Nedeljkovic with a rebound.
9:32 of 2nd period - Snap shot by William Nylander.
9:32 of 2nd period - Stopped by Alex Nedeljkovic without a rebound.
9:33 of 2nd period - Jake Guentzel wins face-off versus Brayden Point in Monarchs zone.
9:48 of 2nd period - Slapshot by Luke Witkowski.
9:48 of 2nd period - Stopped by Malcolm Subban with a rebound.
10:08 of 2nd period - Slapshot by Paul Ladue.
10:08 of 2nd period - Shot Misses the Net.
10:19 of 2nd period - Icing by Dmitry Sinitsyn.
10:20 of 2nd period - Darroll Powe wins face-off versus Zac Dalpe in Influenza zone.
10:27 of 2nd period - Snap shot by Darroll Powe.
10:27 of 2nd period - Stopped by Malcolm Subban without a rebound.
10:28 of 2nd period - Jake Guentzel wins face-off versus Oscar Sundqvist in Influenza zone.
11:03 of 2nd period - Snap shot by Jimmy Vesey.
11:03 of 2nd period - Deflect By William Nylander.
11:03 of 2nd period - Shot Blocked by Aaron Ekblad.
11:03 of 2nd period - Puck is out of play.
11:04 of 2nd period - Oscar Sundqvist wins face-off versus Jake Guentzel in Monarchs zone.
11:07 of 2nd period - Wrist shot by Jake Guentzel.
11:07 of 2nd period - Stopped by Alex Nedeljkovic with a rebound.
11:09 of 2nd period - Wrist shot by Jake Guentzel.
11:09 of 2nd period - Shot Misses the Net.
11:11 of 2nd period - Snap shot by Justin Bailey.
11:11 of 2nd period - Deflect By Jake Guentzel.
11:11 of 2nd period - Goal by Jake Guentzel - Monarchs : 3 - Influenza : 4.
11:12 of 2nd period - Jake Guentzel wins face-off versus Brayden Point in neutral zone.
11:15 of 2nd period - Slapshot by Brandon Montour.
11:15 of 2nd period - Shot Blocked by Keith Yandle.
12:20 of 2nd period - Off-side.
12:21 of 2nd period - Elias Lindholm wins face-off versus Zac Dalpe in neutral zone.
12:36 of 2nd period - Wrist shot by Kasperi Kapanen.
12:36 of 2nd period - Goal by Kasperi Kapanen - Monarchs : 3 - Influenza : 5.
12:36 of 2nd period - Jason Missiaen enters game.
12:37 of 2nd period - Brayden Point wins face-off versus Jake Guentzel in neutral zone.
13:02 of 2nd period - William Nylander is hit by Tom Wilson and loses puck.
13:23 of 2nd period - Slapshot by Iiro Pakarinen.
13:23 of 2nd period - Shot Misses the Net.
14:02 of 2nd period - Snap shot by Bo Horvat.
14:02 of 2nd period - Shot Misses the Net.
15:29 of 2nd period - Wrist shot by Andreas Martinsen.
15:29 of 2nd period - Shot Blocked by Brandon Montour.
16:12 of 2nd period - Wrist shot by Nicolas Deslauriers.
16:12 of 2nd period - Shot Blocked by Dmitry Sinitsyn.
16:52 of 2nd period - Joel Vermin is hit by Jake Guentzel and loses puck.
18:14 of 2nd period - Slapshot by Dmitry Sinitsyn.
18:14 of 2nd period - Deflect By Keith Yandle.
18:14 of 2nd period - Stopped by Jason Missiaen with a rebound.
19:27 of 2nd period - Slapshot by Darroll Powe.
19:27 of 2nd period - Shot Blocked by Andre Burakovsky.
Goals for this period are 1 for Monarchs vs 3 for Influenza.
Shots for this period are 8 for Monarchs vs 8 for Influenza.
3rd period
0:01 of 3rd period - Brayden Point wins face-off versus Andre Burakovsky in neutral zone.
0:11 of 3rd period - Wrist shot by Aaron Ekblad.
0:11 of 3rd period - Stopped by Malcolm Subban with a rebound.
0:25 of 3rd period - Darroll Powe is hit by Bo Horvat.
1:09 of 3rd period - Brandon Montour is hit by Elias Lindholm.
1:13 of 3rd period - Slapshot by Paul Ladue.
1:13 of 3rd period - Stopped by Jason Missiaen with a rebound.
1:27 of 3rd period - Justin Bailey is hit by Andreas Martinsen and loses puck.
1:46 of 3rd period - Tom Wilson is hit by Bo Horvat.
2:02 of 3rd period - Minor Penalty to Jeff Corbett for High sticking.
2:03 of 3rd period - Bo Horvat wins face-off versus Brayden Point in Influenza zone.
2:18 of 3rd period - Snap shot by Iiro Pakarinen.
2:18 of 3rd period - Goal by Iiro Pakarinen - Monarchs : 3 - Influenza : 6.
2:19 of 3rd period - Brayden Point wins face-off versus Bo Horvat in neutral zone.
2:30 of 3rd period - Snap shot by Tom Wilson.
2:30 of 3rd period - Stopped by Malcolm Subban with a rebound.
2:32 of 3rd period - Snap shot by Brayden Point.
2:32 of 3rd period - Stopped by Malcolm Subban with a rebound.
2:34 of 3rd period - Backhand shot by Griffin Reinhart.
2:34 of 3rd period - Stopped by Malcolm Subban with a rebound.
3:48 of 3rd period - Icing by Andreas Martinsen.
3:49 of 3rd period - Elias Lindholm wins face-off versus Jacob Josefson in Monarchs zone.
4:02 of 3rd period - Penalty to Jeff Corbett is over, Jeff Corbett is back on ice.
4:18 of 3rd period - Wrist shot by Andre Burakovsky.
4:18 of 3rd period - Shot Blocked by Joel Vermin.
4:20 of 3rd period - Slapshot by Brandon Montour.
4:20 of 3rd period - Shot Blocked by Nicolas Deslauriers.
4:22 of 3rd period - Wrist shot by Andre Burakovsky.
4:22 of 3rd period - Shot Blocked by Oscar Sundqvist.
4:34 of 3rd period - Snap shot by Nick Ritchie.
4:34 of 3rd period - Shot Blocked by Luke Witkowski.
4:36 of 3rd period - Snap shot by Roland McKeown.
4:36 of 3rd period - Shot Misses the Net.
4:38 of 3rd period - Snap shot by Zac Dalpe.
4:38 of 3rd period - Deflect By Kasperi Kapanen.
4:38 of 3rd period - Shot Misses the Net.
4:38 of 3rd period - Puck is out of play.
4:39 of 3rd period - Jake Guentzel wins face-off versus Darroll Powe in Monarchs zone.
4:52 of 3rd period - Snap shot by Jake Guentzel.
4:52 of 3rd period - Stopped by Jason Missiaen with a rebound.
4:54 of 3rd period - Slapshot by Jeff Corbett.
4:54 of 3rd period - Stopped by Jason Missiaen without a rebound.
4:55 of 3rd period - Bo Horvat wins face-off versus Brayden Point in Monarchs zone.
4:56 of 3rd period - Snap shot by Jimmy Vesey.
4:56 of 3rd period - Stopped by Jason Missiaen with a rebound.
5:11 of 3rd period - Paul Ladue is hit by Brayden Point and loses puck.
5:26 of 3rd period - Snap shot by Andre Burakovsky.
5:26 of 3rd period - Stopped by Jason Missiaen with a rebound.
5:28 of 3rd period - Snap shot by Andre Burakovsky.
5:28 of 3rd period - Shot Misses the Net.
5:30 of 3rd period - Snap shot by Andre Burakovsky.
5:30 of 3rd period - Stopped by Jason Missiaen with a rebound.
5:32 of 3rd period - Wrist shot by Andre Burakovsky.
5:32 of 3rd period - Stopped by Jason Missiaen with a rebound.
6:02 of 3rd period - Minor Penalty to Luca Sbisa for Hooking.
6:03 of 3rd period - Brayden Point wins face-off versus Iiro Pakarinen in Influenza zone.
6:18 of 3rd period - Slapshot by Iiro Pakarinen.
6:18 of 3rd period - Stopped by Jason Missiaen without a rebound.
6:19 of 3rd period - Iiro Pakarinen wins face-off versus Brayden Point in Monarchs zone.
7:25 of 3rd period - Dmitry Sinitsyn is hit by Elias Lindholm and loses puck.
7:30 of 3rd period - Wrist shot by Brett Connolly.
7:30 of 3rd period - Shot Misses the Net.
7:40 of 3rd period - Elias Lindholm is hit by Brandon Montour.
8:02 of 3rd period - Penalty to Luca Sbisa is over, Luca Sbisa is back on ice.
8:16 of 3rd period - Wrist shot by Nicolas Deslauriers.
8:16 of 3rd period - Shot Misses the Net.
8:18 of 3rd period - Snap shot by Nicolas Deslauriers.
8:18 of 3rd period - Stopped by Malcolm Subban with a rebound.
8:50 of 3rd period - Joel Vermin is hit by Paul Ladue.
9:28 of 3rd period - Tom Wilson is hit by Luca Sbisa and loses puck.
9:50 of 3rd period - Icing by Roland McKeown.
9:51 of 3rd period - Bo Horvat wins face-off versus Elias Lindholm in Influenza zone.
9:58 of 3rd period - Jacob De La Rose is hit by Dmitry Sinitsyn and loses puck.
10:03 of 3rd period - Wrist shot by Jimmy Vesey.
10:03 of 3rd period - Stopped by Jason Missiaen with a rebound.
10:19 of 3rd period - Joel Vermin is hit by Jake Guentzel and loses puck.
10:34 of 3rd period - Minor Penalty to Zach Trotman for Tripping.
10:35 of 3rd period - Jake Guentzel wins face-off versus Darroll Powe in Monarchs zone.
10:38 of 3rd period - Wrist shot by Andre Burakovsky.
10:38 of 3rd period - Shot Blocked by John Draeger.
10:40 of 3rd period - Wrist shot by Paul Ladue.
10:40 of 3rd period - Shot Blocked by John Draeger.
10:42 of 3rd period - Slapshot by Jake Guentzel.
10:42 of 3rd period - Deflect By Andre Burakovsky.
10:42 of 3rd period - Shot Blocked by Luke Witkowski.
10:42 of 3rd period - Puck is out of play.
10:43 of 3rd period - Jake Guentzel wins face-off versus Darroll Powe in Monarchs zone.
11:58 of 3rd period - Slapshot by Luca Sbisa.
11:58 of 3rd period - Goal by Luca Sbisa - Monarchs : 3 - Influenza : 7.
11:59 of 3rd period - Bo Horvat wins face-off versus Brayden Point in neutral zone.
12:34 of 3rd period - Wrist shot by Max Domi.
12:34 of 3rd period - Stopped by Malcolm Subban with a rebound.
12:47 of 3rd period - Snap shot by Zac Dalpe.
12:47 of 3rd period - Shot Blocked by Joel Vermin.
12:51 of 3rd period - Slapshot by Nick Ritchie.
12:51 of 3rd period - Shot Misses the Net.
12:53 of 3rd period - Slapshot by Jeff Corbett.
12:53 of 3rd period - Stopped by Jason Missiaen without a rebound.
12:54 of 3rd period - Bo Horvat wins face-off versus Oscar Sundqvist in Monarchs zone.
13:19 of 3rd period - Dmitry Sinitsyn is hit by Aaron Ekblad and loses puck.
13:30 of 3rd period - Snap shot by Luke Witkowski.
13:30 of 3rd period - Deflect By Brayden Point.
13:30 of 3rd period - Goal by Brayden Point - Monarchs : 4 - Influenza : 7.
13:31 of 3rd period - Jake Guentzel wins face-off versus Brayden Point in neutral zone.
13:40 of 3rd period - Snap shot by Andre Burakovsky.
13:40 of 3rd period - Stopped by Jason Missiaen without a rebound.
13:41 of 3rd period - Brayden Point wins face-off versus Jake Guentzel in Monarchs zone.
13:41 of 3rd period - Brayden Point is hit by Jake Guentzel.
14:09 of 3rd period - Slapshot by Paul Ladue.
14:09 of 3rd period - Shot Blocked by Brayden Point.
14:25 of 3rd period - Wrist shot by Luke Witkowski.
14:25 of 3rd period - Shot Hit the Post.
14:28 of 3rd period - Icing by Justin Bailey.
14:29 of 3rd period - Jake Guentzel wins face-off versus Darroll Powe in Influenza zone.
14:51 of 3rd period - Off-side.
14:52 of 3rd period - Bo Horvat wins face-off versus Oscar Sundqvist in neutral zone.
14:55 of 3rd period - Oscar Sundqvist is hit by Jimmy Vesey and loses puck.
15:28 of 3rd period - Wrist shot by Nick Ritchie.
15:28 of 3rd period - Shot Misses the Net.
15:46 of 3rd period - Snap shot by Luke Witkowski.
15:46 of 3rd period - Stopped by Malcolm Subban without a rebound.
15:47 of 3rd period - Bo Horvat wins face-off versus Luke Witkowski in Influenza zone.
16:13 of 3rd period - Justin Bailey is hit by Darroll Powe and loses puck.
16:24 of 3rd period - Wrist shot by Darroll Powe.
16:24 of 3rd period - Stopped by Malcolm Subban without a rebound.
16:25 of 3rd period - Oscar Sundqvist wins face-off versus Bo Horvat in Influenza zone.
16:34 of 3rd period - Snap shot by Nicolas Deslauriers.
16:34 of 3rd period - Stopped by Malcolm Subban without a rebound.
16:35 of 3rd period - Oscar Sundqvist wins face-off versus Bo Horvat in Influenza zone.
17:18 of 3rd period - Wrist shot by Nicolas Deslauriers.
17:18 of 3rd period - Stopped by Malcolm Subban with a rebound.
17:32 of 3rd period - Slapshot by Nicolas Deslauriers.
17:32 of 3rd period - Stopped by Malcolm Subban without a rebound.
17:33 of 3rd period - Darroll Powe wins face-off versus Jake Guentzel in Influenza zone.
17:34 of 3rd period - Wrist shot by Tom Wilson.
17:34 of 3rd period - Deflect By Max Domi.
17:34 of 3rd period - Shot Blocked by Paul Ladue.
17:34 of 3rd period - Puck is out of play.
17:35 of 3rd period - Darroll Powe wins face-off versus Jake Guentzel in Influenza zone.
17:38 of 3rd period - Slapshot by Tom Wilson.
17:38 of 3rd period - Shot Blocked by Paul Ladue.
17:45 of 3rd period - Slapshot by Brandon Montour.
17:45 of 3rd period - Stopped by Jason Missiaen without a rebound.
17:46 of 3rd period - Jake Guentzel wins face-off versus Darroll Powe in Monarchs zone.
17:57 of 3rd period - Snap shot by Andre Burakovsky.
17:57 of 3rd period - Shot Misses the Net.
18:11 of 3rd period - Jeff Petry is hit by Brandon Montour and loses puck.
18:32 of 3rd period - Wrist shot by Joel Vermin.
18:32 of 3rd period - Goal by Joel Vermin - Monarchs : 5 - Influenza : 7.
18:33 of 3rd period - Oscar Sundqvist wins face-off versus Zac Dalpe in neutral zone.
18:48 of 3rd period - Snap shot by Zac Dalpe.
18:48 of 3rd period - Stopped by Jason Missiaen with a rebound.
18:58 of 3rd period - Oscar Sundqvist is hit by Justin Bailey and loses puck.
19:05 of 3rd period - Slapshot by Jake Guentzel.
19:05 of 3rd period - Shot Blocked by Oscar Sundqvist.
19:36 of 3rd period - Icing by Iiro Pakarinen.
19:37 of 3rd period - Brayden Point wins face-off versus Jake Guentzel in Influenza zone.
19:44 of 3rd period - Snap shot by Luke Witkowski.
19:44 of 3rd period - Goal by Luke Witkowski - Monarchs : 6 - Influenza : 7.
19:45 of 3rd period - Brayden Point wins face-off versus Jake Guentzel in neutral zone.
19:50 of 3rd period - Monarchs , Jason Missiaen is pulled from the net.
Goals for this period are 3 for Monarchs vs 2 for Influenza.
Shots for this period are 14 for Monarchs vs 15 for Influenza.
Back to the Top